 Dungeon Crawl Stone Soup version 0.19-a0-892-g8a19e52 (webtiles) character file.

279003 4thArraOfDagon the Severer (level 19, -11/177 HPs)
             Began as a Minotaur Abyssal Knight on July 3, 2016.
             Was a Follower of the Shining One.
             Killed from afar by an ancient champion (42 damage)
             ... with an orb of energy
             ... on level 1 of the Crypt on July 4, 2016.
             The game lasted 01:49:36 (17259 turns).

4thArraOfDagon the Severer (MiAK)                  Turns: 17259, Time: 01:49:37

Health: -11/177    AC: 37    Str: 37    XL:     19   Next: 21%
Magic:  24/24      EV: 19    Int: 18    God:    the Shining One [*.....]
Gold:   1863       SH: 10    Dex: 20    Spells: 6 memorised, 5 levels left

rFire  . . .     SeeInvis .     p - +7 broad axe "Akoll" {chop, +Fly rC- Str+2 Dex+3 Stlth+}
rCold  . . .     Gourm    .     N - +7 plate armour of Daffodils {*Drain rC+ Str+8}
rNeg   . . .     Faith    .     d - +3 warlock's mirror {reflect}
rPois  +         Spirit   .     (helmet unavailable)
rElec  .         Dismiss  .     L - +2 cloak {rPois}
rCorr  .         Reflect  +     G - +2 pair of gloves {Str+3}
SustAt .         Harm     .     Y - +2 pair of boots
MR     +....                    B - amulet of regeneration
Stlth  ..........               W - ring of wizardry
                                x - +6 ring of dexterity

@: mighty, very slightly contaminated, glowing, somewhat resistant to hostile
enchantments, extremely unstealthy
A: retaliatory headbutt, horns 3, molten scales 1, rugged brown scales 1, clever
2, low mp 1, mutation resistance 1
a: Renounce Religion, Evoke Flight
}: 3/15 runes: decaying, slimy, gossamer


You were on level 1 of the Crypt.
You worshipped the Shining One.
The Shining One was aware of your devotion.
You were not hungry.

You visited 10 branches of the dungeon, and saw 43 of its levels.
You visited the Abyss 1 time.
You also visited: Labyrinth, Ossuary and Bailey.

You collected 4354 gold pieces.
You spent 2491 gold pieces at shops.

Inventory:

Hand Weapons
 p - the +7 broad axe "Akoll" (weapon) {chop, +Fly rC- Str+2 Dex+3 Stlth+}
   (You found it on level 3 of the Elven Halls)

   It inflicts extra damage upon your enemies.
   It affects your strength (+2).
   It affects your dexterity (+3).
   It makes you vulnerable to cold.
   It lets you fly.
   It makes you more stealthy.
 O - the +2 broad axe of the Seven Eyes {flame, rElec Dex+4 SInv}
   (You bought it in a shop on level 4 of the Dungeon)

   It has been specially enchanted to burn those struck by it, causing extra
   injury to most foes and up to half again as much damage against particularly
   susceptible opponents.
   Big, fiery blades are also staple armaments of hydra-hunters.
   It affects your dexterity (+4).
   It insulates you from electricity.
   It lets you see invisible.
Missiles
 T - 2 tomahawks of dispersal (quivered)
Armour
 d - the +3 warlock's mirror (worn) {reflect}
   (You found it on level 3 of the Elven Halls)
 C - a +1 cloak of magic resistance
 G - a +2 pair of gloves of strength (worn)
 L - a +2 cloak of poison resistance (worn)
 N - the +7 plate armour of Daffodils (worn) {*Drain rC+ Str+8}
   (You bought it in a shop on level 4 of the Dungeon)

   It affects your strength (+8).
   It protects you from cold.
   It causes draining when unequipped.
 P - the +2 plate armour of the Moon {+Blink rC+ rN+ SInv}
   (You took it off a deep elf master archer on level 3 of the Elven Halls)

   It protects you from cold.
   It protects you from negative energy.
   It lets you see invisible.
   It lets you blink.
 Y - a +2 pair of boots (worn)
Rods
 J - a +3 rod of ignition (14/14)
   (You found it in a labyrinth)
Jewellery
 j - an uncursed ring of protection from fire
 k - an uncursed ring of protection from cold
 r - an uncursed ring of positive energy
 v - the ring "Wan Afoasue" {Fire Str-5 Dex+6}
   (You found it on level 3 of the Elven Halls)

   [ring of fire]

   It enhances your fire magic, and weakens your ice magic.
   It affects your strength (-5).
   It affects your dexterity (+6).
   It protects you from fire.
   It makes you vulnerable to cold.
 x - a +6 ring of dexterity (left hand)
 B - an amulet of regeneration (around neck)
 F - an uncursed ring of positive energy
 W - a ring of wizardry (right hand)
Wands
 y - a wand of digging (9/24)
 M - a wand of teleportation (5/9)
 S - a wand of disintegration (6/24)
 V - a wand of digging (18/24)
Scrolls
 f - 6 scrolls of blinking
 g - 7 scrolls of recharging
 h - 9 scrolls of remove curse
 l - 13 scrolls of teleportation
 q - 6 scrolls of immolation
 w - 4 scrolls of identify
 I - 2 scrolls of enchant weapon
 K - a scroll of enchant armour
 R - 2 scrolls of brand weapon
 U - a scroll of summoning
 X - 5 scrolls of magic mapping
Potions
 b - 6 potions of berserk rage
 e - 8 potions of heal wounds
 i - 3 potions of magic
 n - 5 potions of curing
 o - 3 potions of cure mutation
 s - 4 potions of flight
 t - 2 potions of might
 z - 6 potions of brilliance
 A - 5 potions of agility
 D - 3 potions of ambrosia
Miscellaneous
 a - a lamp of fire
 m - 2 boxes of beasts
 E - a sack of spiders
 H - a phial of floods
 Q - a phantom mirror
 Z - a fan of gales
Comestibles
 c - 11 bread rations
 u - 9 meat rations


   Skills:
 + Level 15.8 Fighting
 * Level 20.9 Axes
 + Level 15.9 Armour
 * Level 13.4 Dodging
 - Level 8.0 Shields
 + Level 4.8 Spellcasting
 + Level 3.3 Translocations
 - Level 13.1 Invocations
 + Level 2.7 Evocations


You had 5 spell levels left.
You knew the following spells:

 Your Spells              Type           Power        Failure   Level  Hunger
a - Silence               Hex/Air        #.........   100%        5    ######.
b - Swiftness             Chrm/Air       #.......     47%         2    #......
c - Apportation           Tloc           ###.......   6%          1    None
d - Passage of Golubria   Tloc           N/A          69%         4    ####...
e - Passwall              Tmut/Erth      #.........   47%         2    #......
f - Controlled Blink      Tloc           N/A          100%        8    #######


Dungeon Overview and Level Annotations

Branches:
Dungeon (15/15)            Temple (1/1) D:5            Lair (6/6) D:8
  Swamp (4/4) Lair:4       Spider (4/4) Lair:2        Slime (5/5) Lair:5
    Orc (2/2) D:12            Elf (3/3) Orc:2        Vaults (2/5) D:13
  Crypt (1/3) Vaults:2     Depths (0/5) D:15

Altars:
Cheibriados
Elyvilon
Hepliaklqana
Kikubaaqudgha
Makhleb
Okawaru
Qazlal
Sif Muna
Trog
Vehumet
Xom
Yredelemnul
The Shining One
Jiyva

Shops:
D:4 }(([(   D:10 (   D:15 *   Orc:2 (:(}   Elf:1 !

Annotations:
D:4 4thArraOfDagon's ghost, weakling MiAK
D:9 corrupted
D:12 raikaria's ghost, novice MfTm
D:13 corrupted
Spider:2 corrupted
Slime:5 corrupted
Orc:2 corrupted
Elf:2 3 runed doors
Elf:3 corrupted


Innate Abilities, Weirdness & Mutations

You reflexively headbutt those who attack you in melee.
You have a pair of large horns on your head.
You are partially covered in molten scales. (AC +1)
You are partially covered in rugged brown scales. (AC +1, +3% HP)
Your mind is very acute. (Int +4)
Your magical capacity is low. (-10% MP)
You are somewhat resistant to further mutation.


Message History

A jiangshi comes into view.
Unknown command.
As you read the scroll of teleportation, it crumbles to dust.
You feel strangely unstable.
Unknown command.
Unknown command.
Your surroundings seem slightly different.
Unknown command.
Found a potion of ambrosia. 2 zombies, an ancient champion and a revenant come into view.
The revenant shouts!
The ancient champion casts a spell at you.
Your +3 warlock's mirror {reflect} reflects the Slow!
The ancient champion resists with almost no effort.
Unknown command.
Unknown command.
You feel very mighty all of a sudden.
The ancient champion casts a spell at you.
The orb of energy hits you!
You die...

.............#
.ZZ..!...L...#
.............#
.............#
...........#
........#
#....z# #.@##
##..#
#VV#######
#.........
#.........
##...V.######
.....###..#
##........#
..........##


You could see a revenant, an ancient champion, 3 jiangshi, a four-headed hydra
zombie and a stone giant zombie.

Vanquished Creatures
  Bai Suzhen (Spider:3)
  A tentacled monstrosity (Swamp:4)
  A deep elf master archer (Elf:3)
  5 acid blobs (Slime:5)
  Agnes (Spider:4)
  2 azure jellies (Slime:4)
  4 ghost moths (Spider:4)
  Wiglaf (Spider:2)
  Louise (D:14)
  An ironheart preserver (Vaults:2)
  2 very ugly things
  Nessos (D:13)
  2 deep elf annihilators
  5 spark wasps (Spider:4)
  2 deep elf death magi (Elf:3)
  2 green deaths (Swamp:4)
  A death ooze (Lair:5)
  A minotaur (Lab)
  A yaktaur captain (Vaults:1)
  6 great orbs of eyes
  2 jiangshi (Crypt:1)
  13 hydras
  A ghost crab (Swamp:3)
  2 ice dragons (D:15)
  A death knight (D:15)
  A deep troll shaman (Vaults:2)
  An alligator (Swamp:1)
  A tengu warrior (D:14)
  The ghost of Sagrath01 the Nimble, a journeyman DECj of Vehumet (Orc:2)
  A vampire mage (Crypt:1)
  10 dancing weapons
  Urug (D:13)
  3 death yaks (Lair:3)
  13 deep elf knights
  A fire crab (Vaults:2)
  2 deep trolls (Vaults:2)
  3 large abominations (Swamp:4)
  An unseen horror (D:10)
  8 deep elf archers
  A giant orange brain (Slime:5)
  2 spriggan druids
  A wolf spider zombie (D:15)
  A shambling mangrove (Swamp:2)
  6 swamp dragons
  A necromancer (D:15)
  Pikel (D:7)
  9 hill giants
  An orc knight (Vaults:2)
  2 orc sorcerers
  7 orb spiders
  14 wolf spiders
  37 deep elf magi
  2 manticores (D:13)
  11 hornets
  4 cyclopes
  3 griffons
  2 oklob plants
  17 ugly things
  2 moths of wrath
  12 elephants
  15 spiny frogs
  9 black mambas
  A guardian serpent (Lair:6)
  2 orange demons (Swamp:4)
  A torpor snail (Spider:4)
  5 centaur skeletons
  A kobold demonologist (D:15)
  4 demonic crawlers
  3 yaktaurs
  A red devil (D:14)
  2 tengu conjurers (D:13)
  3 komodo dragons
  19 jumping spiders
  5 trolls
  5 giant leeches
  A polar bear (Lair:6)
  A hornet zombie (D:15)
  36 slime creatures
  18 blink frogs
  4 bog bodies
  A boulder beetle (Lair:4)
  4 spriggans
  41 redbacks
  2 wraiths
  6 shadows
  5 water elementals
  A fire dragon skeleton (Crypt:1)
  4 air elementals
  10 wyverns
  17 yaks
  16 humans (D:13)
  28 tarantellas
  A vampire (D:15)
  A black mamba skeleton (Crypt:1)
  2 golden eyes
  2 steam dragons
  A fire elemental (Elf:3)
  9 basilisks
  9 hippogriffs
  22 vampire mosquitoes
  2 hungry ghosts
  3 insubstantial wisps
  11 swamp worms
  6 porcupines
  17 orc warriors
  13 water moccasins
  A sky beast (D:6)
  4 swamp drakes
  A slave (D:7)
  2 phantoms
  15 wasps
  2 eyes of draining
  5 necrophages
  2 wolves
  5 centaurs
  5 ogres
  8 crocodiles
  2 big kobolds (D:5)
  8 elf zombies (Ossuary)
  15 giant frogs
  A wyvern zombie (D:6)
  2 earth elementals
  2 water moccasin zombies
  5 scorpions
  4 troll zombies (D:12)
  14 killer bees
  4 howler monkeys
  4 lava snakes (Lab)
  6 electric eels
  9 crimson imps
  5 centaur zombies
  3 giant frog zombies
  5 jellies
  11 orc priests
  3 hounds
  3 giant frog skeletons
  3 iguanas
  A human zombie (Ossuary)
  15 orc wizards
  10 worker ants
  3 polar bear simulacra (D:15)
  3 yak simulacra (D:15)
  12 sheep
  3 wolf simulacra (D:15)
  4 ogre zombies (D:12)
  A hound skeleton (D:4)
  4 mummies
  13 gnolls
  16 adders
  23 river rats
  4 shadow imps
  2 worms
  3 giant geckos
  66 orcs
  2 ball pythons
  3 bats
  8 giant cockroaches
  26 hobgoblins
  2 jackals (D:5)
  2 quokkas
  7 giant newts
  32 goblins
  A goblin skeleton (D:12)
  2 goblin zombies
  A hobgoblin skeleton (D:12)
  8 hobgoblin zombies
  A jackal skeleton (D:4)
  6 kobolds
  2 orc skeletons (D:12)
  13 orc zombies (D:12)
  8 rats
  A river rat simulacrum (D:15)
  4 fungi
  8 plants
1092 creatures vanquished.

Vanquished Creatures (collateral kills)
  Kirke (Lair:6)
  A blink frog (Lair:6)
2 creatures vanquished.

Vanquished Creatures (others)
  Arachne (Spider:2)
  3 deep elf blademasters (Elf:3)
  2 deep elf master archers (Elf:3)
  Frances (D:13)
  5 deep elf sorcerers (Elf:3)
  An emperor scorpion (Spider:2)
  2 deep elf elementalists (Elf:3)
  3 deep elf annihilators (Elf:3)
  3 deep elf death magi (Elf:3)
  2 deep elf high priests (Elf:3)
  2 great orbs of eyes (Slime:5)
  A centaur warrior (D:14)
  The ghost of zero the Cleaver, a novice MiBe of Trog (D:9)
  A tengu warrior (D:13)
  4 orc high priests (Orc:2)
  A deep elf knight (Vaults:2)
  A giant orange brain (Slime:5)
  An orc knight (Bailey)
  2 deep elf magi (Elf:3)
  The ghost of matakusis the Nimble, a novice DsGl (D:7)
  7 orb spiders
  2 wolf spiders (Spider:2)
  2 orc sorcerers
  A hornet (Spider:2)
  2 moths of wrath (Spider:2)
  A kobold demonologist (Bailey)
  A demonic crawler (Spider:2)
  A troll (D:9)
  4 jumping spiders (Spider:2)
  2 tarantellas (Spider:2)
  4 redbacks (Spider:2)
  A human (Lair:6)
  A hungry ghost (D:7)
  9 orc warriors
  A wasp (D:7)
  2 eyes of draining (Slime:5)
  An ogre (D:9)
  2 centaurs
  A big kobold (D:9)
  3 electric eels (Bailey)
  A centaur zombie (D:7)
  15 orc priests (Orc:2)
  12 orc wizards (Orc:2)
  3 gnolls (Bailey)
  2 adders
  5 orcs
  7 goblins (Bailey)
  5 hobgoblins (Bailey)
  5 kobolds (D:9)
  2 fungi (Lair:6)
  8 plants (Lair:6)
  48 starspawn tentacles
  583 starspawn tentacle segments
782 creatures vanquished.

Grand Total: 1876 creatures vanquished

Notes
Turn   | Place    | Note
-------+----------+-------------------------------------------
     0 | Abyss:1  | 4thArraOfDagon the Minotaur Abyssal Knight began the quest for the Orb.
     0 | Abyss:1  | Reached XP level 1. HP: 19/19 MP: 1/1
    63 | Abyss:1  | Noticed a tentacled starspawn
    99 | Abyss:1  | Noticed a blink frog
   100 | D:1      | Escaped the Abyss
   259 | D:2      | Reached * piety under Lugonu
   260 | D:2      | Found a basalt altar of Yredelemnul.
   261 | D:2      | Reached XP level 2. HP: 22/26 MP: 2/2
   264 | D:2      | Found a white marble altar of Elyvilon.
   266 | D:2      | Found a deep blue altar of Sif Muna.
   270 | D:2      | Reached skill level 3 in Axes
   486 | D:4      | Noticed 4thArraOfDagon's ghost (weakling MiAK)
   693 | D:2      | Reached XP level 3. HP: 33/33 MP: 3/3
   958 | D:3      | Reached ** piety under Lugonu
   997 | D:3      | Reached skill level 4 in Axes
   997 | D:3      | Reached XP level 4. HP: 33/40 MP: 4/4
  1021 | D:3      | jacquesderrida: dang on
  1056 | D:3      | HP: 2/40 [orc priest/trident (5)]
  1273 | D:4      | Found Xukaraz's Armour Boutique.
  1304 | D:4      | Reached XP level 5. HP: 29/47 MP: 6/6
  1368 | D:4      | Found Gostreu's Weapon Boutique.
  1370 | D:4      | Found Kaisaqur's Antique Weapon Boutique.
  1407 | D:4      | Found Dixoept's Gadget Boutique.
  1418 | D:4      | Reached skill level 5 in Axes
  1490 | D:4      | Found a snail-covered altar of Cheibriados.
  1546 | D:4      | Reached XP level 6. HP: 55/55 MP: 7/7
  1586 | D:3      | Reached skill level 5 in Fighting
  1692 | D:4      | Found Nugerof's Weapon Boutique.
  1729 | D:5      | Entered Level 5 of the Dungeon
  1788 | D:5      | Found a staircase to the Ecumenical Temple.
  1831 | D:5      | Reached skill level 6 in Axes
  1839 | D:5      | Reached *** piety under Lugonu
  1977 | D:5      | Reached XP level 7. HP: 34/61 MP: 8/8
  2045 | D:5      | Reached **** piety under Lugonu
  2131 | D:5      | Reached skill level 7 in Axes
  2148 | D:5      | Reached skill level 5 in Armour
  2477 | D:5      | Reached XP level 8. HP: 51/70 MP: 10/10
  2524 | D:6      | Reached skill level 8 in Axes
  2566 | D:6      | Gained mutation: You are partially covered in molten scales. (AC +1) [mutagenic meat]
  2569 | D:6      | Gained mutation: You regenerate slowly when monsters are visible. [mutagenic meat]
  2572 | D:6      | Gained mutation: You have a pair of large horns on your head. [mutagenic meat]
  2575 | D:6      | Gained mutation: Your mind is acute. (Int +2) [mutagenic meat]
  2578 | D:6      | jacquesderrida: Do it men
  2581 | D:6      | Gained mutation: You are partially covered in rugged brown scales. (AC +1, +3% HP) [mutagenic meat]
  2680 | D:6      | Found a sand-covered staircase.
  2686 | Ossuary  | Entered an ossuary
  2772 | Ossuary  | Reached ***** piety under Lugonu
  2772 | Ossuary  | Reached skill level 9 in Axes
  2772 | Ossuary  | Reached skill level 5 in Invocations
  2796 | Ossuary  | Reached XP level 9. HP: 47/81 MP: 11/11
  2839 | D:6      | jacquesderrida: Nice pyramids men
  2900 | D:6      | jacquesderrida: DId you make them yourself?
  3017 | D:7      | Noticed matakusis's ghost (novice DsGl)
  3018 | D:7      | Banished matakusis's ghost
  3042 | D:7      | jacquesderrida: KYL PLS
  3077 | D:7      | jacquesderrida: Wai.......
  3089 | D:7      | jacquesderrida: GOTA KYL
  3098 | D:7      | Reached skill level 10 in Axes
  3107 | D:7      | Found an iron altar of Okawaru.
  3143 | D:7      | Found a burning altar of Makhleb.
  3308 | D:7      | Noticed Pikel
  3335 | D:7      | Killed Pikel
  3393 | D:8      | Found a staircase to the Lair.
  3447 | D:8      | Learned a level 5 spell: Silence
  3491 | D:8      | Reached skill level 11 in Axes
  3532 | D:8      | Reached XP level 10. HP: 63/92 MP: 13/13
  3626 | D:8      | Found a flagged portal.
  3710 | Bailey   | Entered a bailey
  3765 | Bailey   | Corrupted Bailey
  3765 | Bailey   | Noticed a tentacled starspawn
  3766 | Bailey   | Noticed an unseen horror
  3766 | Bailey   | Noticed a large abomination
  3767 | Bailey   | Noticed a shadow demon
  3769 | Bailey   | Noticed an orc knight
  3771 | Bailey   | Noticed a starcursed mass
  3771 | Bailey   | jacquesderrida: reeeee
  3771 | Bailey   | Noticed an orc sorcerer
  3772 | Bailey   | Killed an orc sorcerer
  3789 | Bailey   | Killed an orc knight
  3838 | Bailey   | Noticed a blizzard demon
  4149 | Bailey   | Got an ichor-stained hand crossbow
  4228 | Bailey   | jacquesderrida: WHERE DID MANS GO
  4235 | Bailey   | Got a spiked chain mail
  4273 | Bailey   | Identified the +4 chain mail of Perfidy {Str+5} (You took it off an orc warrior in a bailey)
  4306 | D:8      | jacquesderrida: CLOKE
  4313 | D:8      | jacquesderrida: MEN PLS
  4408 | D:8      | jacquesderrida: Why didn't you magic cloke...
  4492 | D:4      | Bought a +2 cloak of poison resistance for 185 gold pieces
  4492 | D:4      | Bought the +7 plate armour of Daffodils {*Drain rC+ Str+8} for 832 gold pieces
  4531 | D:4      | Bought the +2 broad axe of the Seven Eyes {flame, rElec Dex+4 SInv} for 438 gold pieces
  4536 | D:4      | Bought a runed battleaxe for 201 gold pieces
  4537 | D:4      | Identified the +3 hand crossbow of Jipsocw {penet, +Blink Dex+6} (You took it off an orc in a bailey)
  4656 | D:9      | jacquesderrida: !dump
  4702 | D:9      | jacquesderrida: ples work been
  4802 | D:9      | Noticed zero's ghost (novice MiBe)
  4813 | D:9      | Corrupted D:9
  4813 | D:9      | Noticed a shadow wraith
  4813 | D:9      | Noticed a vampire mage
  4813 | D:9      | Noticed a worldbinder
  4813 | D:9      | Noticed a sixfirhy
  4813 | D:9      | Noticed a cacodemon
  4813 | D:9      | Noticed a starcursed mass
  4813 | D:9      | Noticed a large abomination
  4813 | D:9      | Noticed a tentacled starspawn
  4813 | D:9      | Noticed a hell hog
  4813 | D:9      | Noticed a tentacled starspawn
  4813 | D:9      | Noticed a tentacled starspawn
  4814 | D:9      | Noticed a death knight
  4814 | D:9      | Noticed a phantasmal warrior
  4814 | D:9      | Noticed a worldbinder
  4814 | D:9      | Noticed a vampire mage
  4815 | D:9      | Noticed a tentacled starspawn
  4815 | D:9      | Noticed a starcursed mass
  4815 | D:9      | Noticed a necromancer
  4815 | D:9      | Killed zero's ghost
  4816 | D:9      | Noticed an orange demon
  4816 | D:9      | Noticed a thrashing horror
  4817 | D:9      | Noticed a wizard
  4817 | D:9      | Noticed a black mamba
  4818 | D:9      | Noticed a tentacled starspawn
  5075 | D:9      | Reached skill level 12 in Axes
  5259 | D:10     | Entered Level 10 of the Dungeon
  5261 | D:10     | Noticed a griffon
  5266 | D:10     | Killed a griffon
  5293 | D:10     | Found Umnoxutu's Weapon Boutique.
  5345 | D:10     | Identified the Compendium of Toxic Boosts (You found it on level 10 of the Dungeon)
  5348 | D:10     | Learned a level 2 spell: Swiftness
  5609 | D:10     | Noticed an unseen horror
  5621 | D:10     | Killed an unseen horror
  5621 | D:10     | Reached XP level 11. HP: 88/101 MP: 15/15
  5670 | D:11     | Reached skill level 13 in Axes
  5676 | D:11     | Reached skill level 10 in Fighting
  5853 | D:12     | Noticed a green ugly thing
  5862 | D:12     | Killed a green ugly thing
  5887 | D:12     | Noticed an orc sorcerer
  5909 | D:12     | Killed an orc sorcerer
  5935 | D:12     | Found a staircase to the Orcish Mines.
  5942 | D:12     | Gained mutation: Your magical capacity is low. (-10% MP) [mutagenic meat]
  5945 | D:12     | Gained mutation: You are somewhat resistant to further mutation. [mutagenic meat]
  6014 | D:12     | Reached skill level 10 in Armour
  6223 | D:12     | Noticed a hill giant
  6226 | D:12     | Killed a hill giant
  6226 | D:12     | Reached skill level 14 in Axes
  6240 | D:12     | Learned a level 1 spell: Apportation
  6268 | D:12     | Reached ****** piety under Lugonu
  6287 | D:12     | Noticed a purple ugly thing
  6298 | D:12     | Killed a purple ugly thing
  6376 | D:12     | Noticed a brown ugly thing
  6383 | D:12     | Killed a brown ugly thing
  6409 | D:12     | Noticed raikaria's ghost (novice MfTm)
  6469 | D:13     | Noticed a hill giant
  6477 | D:13     | Killed a hill giant
  6477 | D:13     | Reached XP level 12. HP: 73/113 MP: 15/15
  6492 | D:13     | Found a bloodstained altar of Trog.
  6577 | D:13     | Noticed Urug
  6577 | D:13     | Reached skill level 15 in Axes
  6602 | D:13     | Killed Urug
  6605 | D:13     | Noticed a tengu warrior
  6614 | D:13     | Noticed Nessos
  6615 | D:13     | Killed a tengu warrior
  6621 | D:13     | Killed Nessos
  6637 | D:13     | Found a gate to the Vaults.
  6758 | D:13     | Reached skill level 1 in Shields
  6791 | D:13     | Noticed Frances
  6796 | D:13     | Corrupted D:13
  6796 | D:13     | Noticed a rakshasa
  6809 | D:13     | Killed Frances
  6941 | D:14     | Noticed Louise
  6949 | D:14     | Noticed a tengu warrior
  6960 | D:14     | Killed a tengu warrior
  6974 | D:14     | Killed Louise
  7108 | D:14     | Noticed a centaur warrior
  7109 | D:14     | Banished a centaur warrior
  7333 | D:14     | Reached skill level 16 in Axes
  7344 | D:14     | Reached XP level 13. HP: 121/121 MP: 17/17
  7346 | D:14     | Found a burning altar of Makhleb.
  7432 | D:14     | Gained mutation: Your mind is very acute. (Int +4) [potion of mutation]
  7498 | D:15     | Entered Level 15 of the Dungeon
  7558 | D:15     | Reached skill level 10 in Invocations
  7684 | D:15     | Found a staircase to the Depths.
  7726 | D:15     | Found Zirph's Assorted Antiques.
  7774 | D:15     | Lost mutation: You regenerate slowly when monsters are visible. [mutagenic meat]
  7793 | D:15     | jacquesderrida: ooooo
  7804 | D:15     | Bought a scroll of magic mapping for 115 gold pieces
  8029 | D:15     | Reached skill level 5 in Shields
  8253 | Orc:1    | Entered Level 1 of the Orcish Mines
  8297 | Orc:2    | Entered Level 2 of the Orcish Mines
  8424 | Orc:2    | Noticed Sagrath01's ghost (journeyman DECj)
  8436 | Orc:2    | Found a labyrinth entrance.
  8441 | Orc:2    | Killed Sagrath01's ghost
  8455 | Lab      | Entered a labyrinth
  8475 | Lab      | Found an exit through the horrors of the Abyss.
  8823 | Lab      | Noticed a minotaur
  8828 | Lab      | Killed a minotaur
  8858 | Lab      | Identified a +3 rod of ignition (14/14) (You found it in a labyrinth)
  8942 | Orc:2    | Found a staircase to the Elven Halls.
  8951 | Orc:2    | Corrupted Orc:2
  8961 | Orc:2    | Noticed a tentacled starspawn
  9008 | Orc:2    | Noticed a lich
  9014 | Orc:2    | Found Tuifugg's Gadget Emporium.
  9014 | Orc:2    | Found Ina Noy's Antique Weapon Shoppe.
  9014 | Orc:2    | Found Weleple's Book Shoppe.
  9017 | Orc:2    | Noticed a tentacled starspawn
  9019 | Orc:2    | Found Utwurot's Weapon Emporium.
  9054 | Elf:1    | Entered Level 1 of the Elven Halls
  9071 | Elf:1    | Reached skill level 17 in Axes
  9082 | Elf:1    | Found a radiant altar of Vehumet.
  9116 | Elf:1    | Reached XP level 14. HP: 73/132 MP: 18/18
  9419 | Elf:1    | Reached skill level 5 in Dodging
  9441 | Elf:1    | Found Lyhippog's Distillery.
  9455 | Elf:1    | Bought a potion of curing for 54 gold pieces
  9455 | Elf:1    | Bought a potion of ambrosia for 144 gold pieces
  9455 | Elf:1    | Bought a potion of haste for 180 gold pieces
  9455 | Elf:1    | Bought a potion of heal wounds for 90 gold pieces
  9455 | Elf:1    | Bought 2 potions of berserk rage for 180 gold pieces
  9455 | Elf:1    | Bought a potion of agility for 72 gold pieces
 10106 | Elf:2    | Reached skill level 18 in Axes
 10164 | Elf:3    | Entered Level 3 of the Elven Halls
 10544 | Elf:3    | Noticed a deep elf sorcerer
 10544 | Elf:3    | Noticed a deep elf blademaster
 10544 | Elf:3    | Noticed a deep elf blademaster
 10547 | Elf:3    | Corrupted Elf:3
 10547 | Elf:3    | Noticed a deep elf elementalist
 10547 | Elf:3    | Noticed a bone dragon
 10547 | Elf:3    | Noticed a tentacled starspawn
 10547 | Elf:3    | Noticed a tentacled starspawn
 10547 | Elf:3    | Noticed an Executioner
 10548 | Elf:3    | Noticed a deep elf sorcerer
 10552 | Elf:3    | Killed a deep elf elementalist
 10553 | Elf:3    | Killed a deep elf blademaster
 10554 | Elf:3    | Killed a deep elf blademaster
 10555 | Elf:3    | Killed a deep elf sorcerer
 10558 | Elf:3    | Killed a deep elf sorcerer
 10566 | Elf:3    | Killed a deep elf master archer
 10571 | Elf:3    | Killed a deep elf sorcerer
 10573 | Elf:3    | Killed a deep elf sorcerer
 10575 | Elf:3    | Killed a deep elf sorcerer
 10579 | Elf:3    | Killed a deep elf blademaster
 10582 | Elf:3    | Killed a deep elf elementalist
 10606 | Elf:3    | Killed a deep elf master archer
 10608 | Elf:3    | 4thArraOfDagon: connection dropout, sry
 10669 | Elf:3    | jacquesderrida: de gin
 10699 | Elf:3    | 4thArraOfDagon: keep laggin
 10700 | Elf:3    | zero: ye
 10783 | Elf:3    | Got an iridescent broad axe
 10784 | Elf:3    | Identified the +7 broad axe "Akoll" {chop, +Fly rC- Str+2 Dex+3 Stlth+} (You found it on level 3 of the Elven Halls)
 10785 | Elf:3    | good
 10804 | Elf:3    | Noticed a deep elf master archer
 10817 | Elf:3    | Killed a deep elf master archer
 10817 | Elf:3    | Reached XP level 15. HP: 111/141 MP: 20/20
 10839 | Elf:3    | jacquesderrida: oooooooooooooo
 10841 | Elf:3    | Got a heavily runed plate armour
 10912 | Elf:3    | jacquesderrida: shieeeeeeeeeeeeeeet
 10913 | Elf:3    | jacquesderrida: WAR LOCK
 10915 | Elf:3    | jacquesderrida: NAISSSSSSSS MANE
 10921 | Elf:3    | jacquesderrida: MIRROR PLES
 10974 | Elf:3    | Got a twisted ring mail
 10980 | Elf:3    | jacquesderrida: sooper men
 10998 | Elf:3    | Got a scorched pewter ring
 11033 | Elf:3    | Identified the Reference Book on Fiery Contamination (You found it on level 3 of the Elven Halls)
 11051 | Elf:3    | Got a scorched jade ring
 11053 | Elf:3    | Identified the ring "Wan Afoasue" {Fire Str-5 Dex+6} (You found it on level 3 of the Elven Halls)
 11055 | Elf:3    | Identified the ring of Poir {*Confuse +Fly rF+ Stlth+} (You found it on level 3 of the Elven Halls)
 11083 | Elf:3    | Learned a level 4 spell: Passage of Golubria
 11086 | Elf:3    | Learned a level 2 spell: Passwall
 11088 | Elf:3    | Identified the +2 plate armour of the Moon {+Blink rC+ rN+ SInv} (You took it off a deep elf master archer on level 3 of the Elven Halls)
 11178 | Elf:3    | Identified the +1 ring mail "Butiu" {rCorr Int+2} (You found it on level 3 of the Elven Halls)
 11249 | Elf:2    | Found a runed gate.
 11255 | Elf:2    | Found a runed gate.
 11263 | Elf:2    | Found a runed gate.
 11282 | Elf:2    | Got a polished morningstar {freeze}
 11283 | Elf:2    | Identified the cursed +1 morningstar of Excruciating Pain {freeze, rElec rPois rN+ MR-} (You took it off a deep elf annihilator on level 2 of the Elven Halls)
 11552 | Lair:1   | Entered Level 1 of the Lair of Beasts
 11885 | Lair:3   | Found a stormy altar of Qazlal.
 11955 | Lair:3   | Reached skill level 1 in Spellcasting
 12281 | Lair:6   | Entered Level 6 of the Lair of Beasts
 12607 | Lair:6   | Noticed Kirke
 12616 | Lair:6   | Killed Kirke
 12720 | Lair:5   | Reached skill level 19 in Axes
 12843 | Lair:2   | Found a hole to the Spider Nest.
 12885 | Spider:1 | Entered Level 1 of the Spider Nest
 12953 | Spider:2 | You fall through a shaft!
 13021 | Spider:3 | Reached XP level 16. HP: 130/151 MP: 21/21
 13039 | Spider:4 | Entered Level 4 of the Spider Nest
 13082 | Spider:4 | Reached skill level 10 in Dodging
 13323 | Spider:4 | Noticed Agnes
 13350 | Spider:4 | Killed Agnes
 13590 | Spider:4 | Got a gossamer rune of Zot
 13675 | Spider:3 | Noticed Bai Suzhen
 13707 | Spider:3 | Killed Bai Suzhen
 13839 | Spider:2 | Noticed Wiglaf
 13845 | Spider:2 | Noticed Arachne
 13847 | Spider:2 | Corrupted Spider:2
 13847 | Spider:2 | Noticed a lich
 13848 | Spider:2 | Noticed a tentacled starspawn
 13848 | Spider:2 | DIE
 13851 | Spider:2 | Killed Wiglaf
 13853 | Spider:2 | Noticed a Hell Sentinel
 13866 | Spider:2 | Killed Arachne
 13883 | Spider:2 | Reached skill level 15 in Armour
 13916 | Spider:2 | Noticed a tentacled starspawn
 14064 | Spider:1 | Learned a level 8 spell: Controlled Blink
 14086 | Spider:1 | Reached skill level 15 in Fighting
 14130 | Lair:2   | BYE SHU ZEN
 14130 | Lair:2   | Upgraded the game from 0.19-a0-867-g949743d to 0.19-a0-892-g8a19e52
 14531 | Lair:4   | Reached XP level 17. HP: 158/160 MP: 22/22
 14560 | Lair:4   | Found a staircase to the Swamp.
 14572 | Swamp:1  | Entered Level 1 of the Swamp
 14614 | Swamp:1  | Reached skill level 20 in Axes
 14806 | Swamp:2  | You fall through a shaft!
 14847 | Swamp:4  | Entered Level 4 of the Swamp
 14966 | Swamp:4  | Reached skill level 1 in Translocations
 15128 | Swamp:4  | Noticed a tentacled monstrosity
 15148 | Swamp:4  | Killed a tentacled monstrosity
 15418 | Swamp:4  | Got a decaying rune of Zot
 15775 | Lair:5   | Found a staircase to the Slime Pits.
 15786 | Slime:1  | Entered Level 1 of the Pits of Slime
 15935 | Slime:2  | Paralysed by a great orb of eyes for 7 turns
 16002 | Slime:4  | Reached skill level 1 in Evocations
 16005 | Slime:5  | Entered Level 5 of the Pits of Slime
 16005 | Slime:5  | Noticed an acid blob
 16011 | Slime:5  | Killed an acid blob
 16014 | Slime:5  | Noticed an acid blob
 16024 | Slime:5  | Killed an acid blob
 16026 | Slime:5  | Noticed an acid blob
 16142 | Slime:5  | Noticed an acid blob
 16142 | Slime:5  | Noticed an acid blob
 16175 | Slime:5  | Noticed an acid blob
 16183 | Slime:5  | Killed an acid blob
 16186 | Slime:5  | Noticed an acid blob
 16194 | Slime:5  | Noticed an acid blob
 16249 | Slime:5  | Killed an acid blob
 16255 | Slime:5  | Reached XP level 18. HP: 113/169 MP: 24/24
 16363 | Slime:5  | Found a viscous altar of Jiyva.
 16385 | Slime:5  | Corrupted Slime:5
 16391 | Slime:5  | Got a slimy rune of Zot
 16401 | Slime:5  | Got an ichor-stained chain mail
 16412 | Slime:5  | Identified the +5 chain mail "Joireh" {rF+} (You found it on level 5 of the Pits of Slime)
 16462 | Slime:5  | Identified the cursed +1 plate armour of Pessimism {*Contam Str+2 Dex+4} (You found it on level 5 of the Pits of Slime)
 16523 | Slime:1  | Reached XP level 19. HP: 177/177 MP: 24/24
 16650 | D:8      | :)
 16760 | Vaults:1 | Entered Level 1 of the Vaults
 16849 | Vaults:2 | Found a staircase to the Crypt.
 16849 | Vaults:2 | Found an ancient bone altar of Kikubaaqudgha.
 16880 | Vaults:2 | Found a basalt altar of Yredelemnul.
 17044 | Temple   | Entered the Ecumenical Temple
 17050 | Temple   | Fell from the grace of Lugonu
 17050 | Temple   | Became a worshipper of the Shining One
 17228 | Crypt:1  | Entered Level 1 of the Crypt
 17248 | Crypt:1  | Reached * piety under the Shining One
 17259 | Crypt:1  | Killed from afar by an ancient champion

Vault maps used:
D:1:      lemuel_arrival_room
D:2:      grunt_temple_overflow_open, kennysheep_doodads, roderic_malta_cross
D:3:      first_bread
D:4:      cheibriados_altar_1, serial_shops, shop_statue, kennysheep_little_box,
          shop_statue, shop, shop
D:5:      minmay_goblin_kobold_castle
D:6:      nicolae_ossuary_entry_giza
D:7:      okawaru_metal_pillars_1_2, makhleb_grotto_becter, kennysheep_diamond,
          uniq_pikel
D:8:      lair_0_dummy, enter_bailey_8
D:9:      grunt_pizzeria, hex_tiny
D:10:     serial_shops, nicolae_shop_trees
D:12:     zombieorc2_lemuel
D:13:     david_vaults_3, basic_altar, kennysheep_generic_room_3, uniq_frances
D:14:     hangedman_abyss_or_decor_jellyfish_corner, lemuel_hellish_altar,
          uniq_louise
D:15:     grunt_enter_depths_hoard, serial_shops,
          nicolae_shop_overgrown_old_shop, eino_house_with_fridge
Temple:   eino_temple_rhombus
Lair:2:   spider_nest_entry_webs, serial_bayou_pond_c, serial_bayou_shore_b
Lair:3:   beast_lair_carwin_large_2, serial_bayou_pond_a, serial_bayou_ford_a,
          lemuel_oklob_altar, infiniplex_staircase_pool, uniq_harold
Lair:4:   minmay_swamp_entry_wisps, grunt_megastairs_3, uniq_snorg
Lair:5:   slime_dummy, serial_bayou_lagoon_a, beast_lair_carwin_5
Lair:6:   hangedman_lair_tendril_chambers, serial_bayou, serial_bayou_pond_c,
          serial_bayou_pond_a, serial_bayou_lagoon_b, serial_bayou_shore_b,
          special_room, st_stairs_9, uniq_kirke
Swamp:1:  hangedman_swamp_ruin_wall, swamp_pool5, roderic_carrion_pond,
          uniq_nikola
Swamp:2:  evilmike_swamp_ruin_rubble_2
Swamp:3:  hangedman_swamp_diagram, swamp_pool5
Swamp:4:  swamp_vile
Spider:2: nicolae_spider_hall_of_the_moth_king, spider_trap, uniq_wiglaf,
          uniq_arachne
Spider:3: nicolae_spider_webbed_stairs, uniq_bai_suzhen
Spider:4: spider_rune_water, spiders_nest_wasp_nest, uniq_agnes
Slime:2:  cheibrodos_slime_lost_civilization_6
Orc:1:    uniq_erolcha
Orc:2:    st_orc_mages, lab_entry_generic
Elf:1:    eino_elf_arrival_altar, serial_shops, nicolae_shop_trees,
          minmay_elf_necromancy
Elf:2:    billiards_dpeg
Elf:3:    minmay_elf_hall
Vaults:1: hangedman_vaults_river_flow, v_misc_10, dpeg_vaults_monster_row,
          vaults_dpeg_encased_lava, vaults_room_pools,
          nicolae_vaults_circle_grid_a, nicolae_vaults_windows_and_doors_thing,
          nicolae_vaults_yaktaur_gun_rack, nicolae_vaults_little_squares_2,
          v_misc_5, v_alt_pattern_1
Vaults:2: hangedman_vaults_unwind, grunt_vaults_funneled_arena,
          minmay_crypt_entry_necro_gods, nicolae_vaults_bisected_slash,
          hangedman_vaults_snaps, v_alt_pattern_3,
          nicolae_vaults_little_squares_5, hangedman_vaults_maws,
          ontoclasm_vaults_pinch, vaults_dpeg_cross
Crypt:1:  uniq_mennas
Lab:      labyrinth_spiral, nicolae_lab_hexagon, nicolae_lab_grate,
          labyrinth_lava_lair, labyrinth_skeletal_remains, labyrinth_glass_1,
          nicolae_lab_do_over, nicolae_lab_diamond, labyrinth_fake_exit
Ossuary:  ossuary_minmay_four_chambers
Bailey:   bailey_axe_of_yendor_kennysheep, bailey

Skill      XL: |  1  2  3  4  5  6  7  8  9 10 11 12 13 14 15 16 17 18 |
---------------+-------------------------------------------------------+-----
Invocations    | 2 3 4 5 6 7 9 10 11 12 13 | 13.1
Axes           | 3 4 5 6 7 9 11 12 14 16 17 18 19 20 | 20.9
Armour         | 3 4 5 6 8 9 10 12 13 14 15 | 15.9
Fighting       | 4 5 6 7 8 9 11 12 13 14 15 | 15.8
Shields        | 3 5 8 |  8.0
Dodging        | 3 7 9 11 12 13 | 13.4
Spellcasting   | 2 3 4 |  4.8
Translocations | 2 3 |  3.3
Evocations     | 1 2 |  2.7

Action                   |  1- 3 |  4- 6 |  7- 9 | 10-12 | 13-15 | 16-18 | 19-21 || total
-------------------------+-------+-------+-------+-------+-------+-------+-------++-------
Melee: Hand axe          |   101 |   154 |   247 |    59 |       |       |       ||   561
       Headbutt          |    12 |    25 |    42 |   125 |   237 |   304 |    27 ||   772
       Broad axe         |       |       |       |   436 |   780 |   735 |    66 ||  2017
Invok: Depart the Abyss  |     1 |       |       |       |       |       |       ||     1
       Banish            |       |       |     6 |     3 |       |     6 |       ||    15
       Corrupt           |       |       |       |     3 |     2 |     2 |       ||     7
Evoke: Wand              |       |       |       |     5 |     6 |     5 |       ||    16
       Fan of gales      |       |       |       |       |     1 |       |       ||     1
       Lamp of fire      |       |       |       |       |     1 |       |       ||     1
       Phial of floods   |       |       |       |       |     1 |       |       ||     1
  Use: Scroll            |     3 |     2 |     7 |    14 |    21 |     7 |     2 ||    56
       Potion            |       |     1 |       |     3 |     7 |     9 |     1 ||    21
 Stab: Invisible         |       |       |       |     6 |       |    30 |       ||    36
       Paralysed         |       |       |       |     1 |       |       |       ||     1
       Distracted        |       |       |       |       |     1 |       |       ||     1
       Held in net/web   |       |       |       |       |       |     1 |       ||     1
  Eat: Chunk             |       |     4 |    10 |     7 |     7 |     8 |       ||    36
       Beef jerky        |       |       |     1 |     3 |     3 |       |       ||     7
       Pizza             |       |       |     1 |     5 |     1 |     1 |       ||     8
       Bread ration      |       |       |       |     1 |     2 |     2 |       ||     5
       Meat ration       |       |       |       |       |     1 |       |       ||     1
       Fruit             |       |       |       |       |     4 |       |       ||     4
Armor: Chain mail        |    78 |    46 |       |     8 |       |       |       ||   132
       Ring mail         |       |    53 |    95 |     5 |       |       |       ||   153
       Plate armour      |       |       |       |   289 |   393 |   373 |    32 ||  1087
Dodge: Dodged            |    30 |    60 |    94 |   158 |   336 |   463 |    46 ||  1187
Block: Buckler           |       |       |       |    20 |   311 |   330 |    26 ||   687
       Reflection        |       |       |       |       |     6 |    13 |     4 ||    23
